Map: Ulrena

Players

SortOf

  • Race: Zerg Zerg
  • League: Master

Neeblet (Neeb) - Winner!

  • Race: Protoss Protoss
  • League: Grandmaster

Event: DreamHack ZOWIE Open Leipzig

VOD

Have the link to the VOD?

Description

Time

  • Played on: Jan. 22, 2016, 9:46 a.m.
  • Length: 7:55

All games in this series

Show
View Real Time Build Order
Export as new Build Order

SortOf Zerg 

Build Orders: Pool First 

Get SALT Encoding   

  12  0:00  Drone  
  13  0:22  Spawning Pool  
  13  0:25  Drone  
  13  0:29  Drone  
  14  0:40  Overlord  
  14  0:45  Extractor  
  14  0:46  Drone  
  15  1:09  Zergling x6  
  18  1:20  Zergling x2  
  18  1:22  Hatchery  
  18  1:33  Zergling x2  
  18  1:36  Queen  
  21  1:44  Overlord  
  21  1:52  Drone  
  21  2:03  Drone  
  22  2:13  Drone  
  22  2:18  Queen  
  23  2:32  Drone  
  23  2:36  Queen  
  24  2:42  Zergling x4  
  26  2:45  Drone  
  26  2:46  Drone  
  26  2:50  Drone  
  26  2:51  Drone x2  
  31  2:55  Extractor  
  31  2:56  Zergling x2  
  31  3:01  Queen  
  33  3:06  Drone  
  33  3:07  Drone  
  33  3:10  Overlord  
  35  3:18  Drone  
  36  3:26  Overlord  
  36  3:27  Extractor  
  36  3:29  Drone x2  
  36  3:30  Drone x2  
  39  3:36  Drone  
  39  3:37  Drone  
  39  3:40  Extractor  
  40  3:42  Spore Crawler  
  39  3:53  Drone  
  39  3:54  Drone x3  
  42  3:57  Roach Warren  
  42  4:00  Drone  
  42  4:03  Drone x2  
  42  4:09  Drone  
  46  4:10  Drone  
  46  4:20  Overlord  
  46  4:22  Overlord  
  46  4:26  Overlord  
  46  4:37  Roach x3  
  52  4:39  Roach x2  
  52  4:40  Roach  
  58  4:47  Roach  
  59  4:55  Roach x2  
  59  4:58  Ravager x2  
  59  4:59  Ravager  
  66  5:03  Overlord, Queen  
  66  5:06  Ravager, Extractor  
  68  5:09  Roach  
  68  5:13  Roach  
  71  5:21  Spore Crawler  
  71  5:24  Spore Crawler  
  68  5:31  Roach  
  68  5:32  Roach  
  70  5:36  Spore Crawler  
  70  5:39  Spore Crawler  
  70  5:42  Roach x2  
  63  5:43  Roach x2  
  63  5:53  Roach x3  
  69  6:00  Ravager x3  
  70  6:11  Roach x4  
  78  6:16  Ravager x2  
  80  6:27  Roach x2  
  84  6:43  Overlord  
  84  6:44  Overlord  
  82  7:03  Zergling x2  
  82  7:04  Zergling x16  
  82  7:05  Ravager x4  
  82  7:06  Ravager x2  
  97  7:15  Ravager  
  97  7:21  Roach  
Show
View Real Time Build Order
Export as new Build Order

Neeblet Protoss - Winner!

Build Orders:  

Get SALT Encoding   

  12  0:00  Probe (Chrono Boost)  
  13  0:11  Probe (Chrono Boost)  
  14  0:20  Pylon  
  14  0:21  Probe (Chrono Boost)  
  15  0:38  Probe (Chrono Boost), Gateway  
  16  0:49  Probe (Chrono Boost)  
  17  0:50  Assimilator  
  17  0:59  Probe (Chrono Boost)  
  18  1:10  Probe (Chrono Boost)  
  19  1:22  Probe (Chrono Boost)  
  20  1:28  Zealot (Chrono Boost), Pylon  
  20  1:29  Cybernetics Core  
  22  1:33  Probe  
  23  1:46  Probe  
  24  1:52  Zealot (Chrono Boost)  
  26  1:58  Probe  
  27  2:14  Probe  
  27  2:15  Warp Gate  
  28  2:16  Adept (Chrono Boost)  
  29  2:28  Probe (Chrono Boost), Nexus  
  29  2:40  Mothership Core (Chrono Boost)  
  29  2:42  Assimilator  
  31  2:47  Pylon  
  31  2:58  Pylon  
  32  3:05  Probe (Chrono Boost)  
  32  3:15  Twilight Council  
  32  3:16  Probe (Chrono Boost)  
  33  3:27  Probe (Chrono Boost)  
  34  3:37  Probe (Chrono Boost)  
  34  3:41  Probe (Chrono Boost)  
  36  3:48  Probe (Chrono Boost)  
  37  3:51  Probe (Chrono Boost)  
  38  3:58  Probe (Chrono Boost)  
  38  4:01  Dark Shrine  
  38  4:02  Probe (Chrono Boost)  
  38  4:07  Gateway  
  38  4:09  Probe (Chrono Boost)  
  39  4:10  Gateway  
  39  4:12  Probe (Chrono Boost)  
  40  4:18  Stalker, Pylon  
  40  4:19  Probe (Chrono Boost)  
  40  4:23  Probe (Chrono Boost), Pylon  
  44  4:30  Probe (Chrono Boost)  
  45  4:33  Probe (Chrono Boost)  
  45  4:34  Assimilator  
  45  4:37  Assimilator  
  46  4:41  Probe (Chrono Boost)  
  46  4:44  Probe (Chrono Boost)  
  48  4:46  Sentry  
  48  4:51  Probe (Chrono Boost)  
  51  4:54  Probe (Chrono Boost)  
  52  5:02  Probe (Chrono Boost)  
  52  5:05  Probe (Chrono Boost)  
  54  5:12  Probe (Chrono Boost), Dark Templar  
  54  5:13  Dark Templar x2  
  61  5:15  Probe (Chrono Boost)  
  62  5:23  Probe (Chrono Boost)  
  62  5:24  Nexus  
  62  5:26  Probe (Chrono Boost)  
  64  5:33  Probe (Chrono Boost)  
  64  5:34  Pylon  
  65  5:36  Probe (Chrono Boost)  
  66  5:44  Probe (Chrono Boost)  
  66  5:47  Probe (Chrono Boost), Robotics Facility  
  66  5:52  Sentry, Stalker x2  
  66  5:54  Probe (Chrono Boost)  
  73  5:58  Pylon  
  73  6:00  Pylon  
  73  6:03  Probe (Chrono Boost)  
  74  6:17  Stalker x3  
  80  6:19  Probe x2 (Chrono Boost)  
  82  6:31  Pylon  
  83  6:36  Immortal (Chrono Boost)  
  86  6:43  Gateway  
  86  6:44  Gateway  
  86  6:52  Gateway  
  86  6:58  Stalker  
  86  6:59  Stalker x2  
  92  7:01  Probe  
  92  7:02  Probe x2  
  95  7:09  Assimilator x2  
  95  7:11  Immortal (Chrono Boost)  
  99  7:20  Pylon x2  
  99  7:23  Dark Templar x2  
  99  7:25  Stalker  
  101  7:49  Pylon x2  
  97  7:51  Stalker  

Tags
 
Add a new tag
Caveats
  • Supply blocks, unpowered buildings, or Contaminate may cause inaccurate times.
  • Supply counts are checked every 10 seconds.